 Dungeon Crawl Stone Soup version 0.21-a0-221-gfe971b9 (webtiles) character file.

7539 Stormphoenix the Bludgeoner (level 11, -8/60 HPs)
             Began as a Gargoyle Fighter on Aug 26, 2017.
             Was a High Priest of Okawaru.
             Mangled by a death yak (15 damage)
             ... on level 11 of the Dungeon.
             The game lasted 00:28:28 (8857 turns).

Stormphoenix the Bludgeoner (Gargoyle Fighter)      Turns: 8857, Time: 00:28:30

Health: -8/60      AC: 26    Str: 36    XL:     11   Next: 16%
Magic:  11/11      EV:  5    Int:  9    God:    Okawaru [*****.]
Gold:   412        SH: 13    Dex: 10    Spells: 10/10 levels left

rFire    . . .     SeeInvis .   p - +4 whip (flame)
rCold    . . .     Gourm    .   c - +0 shield
rNeg     + . .     Faith    .   z - +0 plate armour
rPois    ∞         Spirit   .   a - +0 helmet
rElec    +         Reflect  +   i - +0 cloak
rCorr    .         Harm     .   q - +1 pair of gloves
MR       .....                  n - +0 pair of boots
Stlth    ..........             J - +3 amulet of reflection
HPRegen  0.20/turn              r - +3 ring of strength
MPRegen  0.12/turn              d - +6 ring of strength

@: mighty, flying, hasted, very quick
A: big wings, icy blue scales 1, negative energy resistance 1, electricity
resistance, unbreathing, petrification resistance, rot immunity, AC +7
a: Stop Flying, Heroism, Finesse, Renounce Religion


You were on level 11 of the Dungeon.
You worshipped Okawaru.
Okawaru was extremely pleased with you.
You were not hungry.

You visited 2 branches of the dungeon, and saw 12 of its levels.

You collected 412 gold pieces.

Inventory:

Hand Weapons
 p - a +4 whip of flaming (weapon)
Armour
 a - a +0 helmet (worn)
 c - a +0 shield (worn)
 i - a +0 cloak (worn)
 n - a +0 pair of boots (worn)
 q - a +1 pair of gloves (worn)
 z - a +0 plate armour (worn)
Jewellery
 d - a +6 ring of strength (right hand)
 r - a +3 ring of strength (left hand)
 t - a +1 ring of protection
 D - an uncursed amulet of the gourmand
 J - a +3 amulet of reflection (around neck)
Wands
 v - a wand of acid (6/15)
Scrolls
 j - a scroll of blinking
 w - a scroll of holy word
 x - a scroll of recharging
 y - 4 scrolls of teleportation
 B - 2 scrolls of amnesia
Potions
 e - 3 potions of cancellation
 g - a potion of ambrosia
 k - 4 potions of curing
 m - a potion of magic
 u - 3 potions of heal wounds {unknown}
 A - 2 potions of agility {unknown}
 E - a potion of degeneration {unknown}
Books
 b - the Tome of the Frigorific Escort
   (You found it on level 8 of the Dungeon)

   Spells                             Type                      Level
   a - Freeze                         Ice                          1
   b - Summon Butterflies             Summoning                    1
   c - Ensorcelled Hibernation        Hexes/Ice                    2
   d - Summon Demon                   Summoning                    5
   e - Bolt of Cold                   Conjuration/Ice              6
Miscellaneous
 H - a lightning rod (4/4)
Comestibles
 f - 9 bread rations
 h - 9 royal jellies
 l - 5 meat rations
 s - 13 fruits
 C - 2 chunks of flesh


   Skills:
 - Level 3.2 Fighting
 + Level 15.9 Maces & Flails
 - Level 3.2 Armour
 - Level 3.2 Shields


You had 10 spell levels left.
You didn't know any spells.

Dungeon Overview and Level Annotations

Branches:
Dungeon (11/15)            Temple (1/1) D:5            Lair (0/6) D:11
    Orc: D:9-12

Altars:
Ashenzari
Cheibriados
Dithmenos
Elyvilon
Fedhas
Gozag
Hepliaklqana
Kikubaaqudgha
Makhleb
Nemelex Xobeh
Okawaru
Qazlal
Ru
Sif Muna
Trog
Uskayaw
Vehumet
Wu Jian
Xom
Yredelemnul
Zin
The Shining One

Shops:
D:5 =   D:7 ?

Annotations:
D:11 Grum


Innate Abilities, Weirdness & Mutations

You are resistant to torment.
Your stone body is resilient. (AC +7)
You are immune to poison.
You resist negative energy. (rN+)
You are resistant to electric shocks. (rElec)
You can survive without breathing.
You are immune to petrification.
You are immune to rotting.
Your large and strong wings let you fly indefinitely.
You are partially covered in icy blue scales. (AC +2)


Message History

The two-headed ogre hits you with a giant club.
* * * LOW HITPOINT WARNING * * *
The two-headed ogre hits you but does no damage.
You block the wolf's attack.
A bullfrog comes into view.
You feel very mighty all of a sudden. You block the bullfrog zombie's attack.
The wolf completely misses you. You block the two-headed ogre's attack.
The two-headed ogre hits you but does no damage.
An orc comes into view. It is wielding a dagger.
You feel yourself speed up. The wolf bites you but does no damage.
The bullfrog zombie hits you.
* * * LOW HITPOINT WARNING * * *
The wolf bites you but does no damage. You block the bullfrog zombie's attack.
The two-headed ogre hits you with a giant club!
* * * LOW HITPOINT WARNING * * *
The two-headed ogre hits you but does no damage.
An orc comes into view.
You hit the death yak but do no damage. The death yak gores you!
You die... .. .o#... .. ..# ..... . .##. .Y. .o..#.> ..... #o# F.....= ..^.#h# YY.....

#. ...#Z# Y......
####...#.#h###O5.....
###........So{h@YY.....
........##.#g###Z../###
.(.....##.#h###.......
...#..##.#g..g.....#.
#.##.#....h##.....#
##..#...(..## .......
#.......#### .....##
...#...<.# ....##
.........##


You could see 3 death yaks, a two-headed ogre, Grum, 2 yaks, a wolf, a bullfrog,
a howler monkey, a crimson imp, an adder, 3 orcs and a bullfrog zombie.

Vanquished Creatures
  Erica (D:9)
  Pikel (D:6)
  Psyche (D:8)
  A gargoyle (D:10)
  2 kobold demonologists (D:10)
  A troll (D:11)
  Grinder (D:3)
  A hippogriff (D:8)
  Sigmund (D:3)
  A wraith (D:10)
  A yak (D:11)
  A hungry ghost (D:10)
  A water moccasin (D:8)
  Duvessa (D:6)
  A black bear (D:9)
  2 ice beasts
  2 orc warriors
  A sky beast (D:5)
  3 phantoms
  An ogre (D:7)
  3 centaurs
  2 wolves (D:11)
  2 big kobolds
  A crocodile (D:8)
  2 bullfrogs
  A water moccasin zombie (D:7)
  3 scorpions
  Dowan (D:6)
  8 killer bees
  The ghost of p0werm0de the Grave Robber, a weakling DgNe (D:4)
  An electric eel (D:7)
  3 howler monkeys
  11 crimson imps
  A bullfrog zombie (D:10)
  A quasit (D:9)
  A jelly (D:10)
  5 hounds
  A gnoll shaman (D:6)
  3 orc priests
  2 bullfrog skeletons
  A centaur skeleton (D:9)
  5 iguanas
  2 orc wizards
  8 worker ants
  A killer bee zombie (D:9)
  3 hound skeletons
  A howler monkey zombie (D:6)
  2 worker ant zombies
  2 gnolls (D:6)
  A howler monkey skeleton (D:8)
  10 adders
  A shadow imp (D:6)
  3 white imps (D:9)
  An ooze (D:1)
  An adder skeleton (D:7)
  2 worms
  3 dart slugs (D:1)
  4 leopard geckos
  19 orcs
  2 ball pythons
  5 giant cockroaches
  10 goblins
  5 hobgoblins
  10 jackals
  5 quokkas
  10 bats
  6 frilled lizards
  A jackal zombie (D:5)
  22 kobolds
  A leopard gecko skeleton (D:8)
  8 rats
233 creatures vanquished.

Vanquished Creatures (others)
  2 slaves (D:6)
  2 gnolls (D:6)
4 creatures vanquished.

Grand Total: 237 creatures vanquished

Notes
Turn   | Place    | Note
-------+----------+-------------------------------------------
     0 | D:1      | Stormphoenix the Gargoyle Fighter began the quest for the Orb.
     0 | D:1      | Reached XP level 1. HP: 14/14 MP: 1/1
   131 | D:1      | Reached XP level 2. HP: 19/19 MP: 2/2
   174 | D:1      | Reached skill level 3 in Maces & Flails
   351 | D:1      | Reached XP level 3. HP: 22/23 MP: 3/3
   697 | D:2      | Found a blossoming altar of Fedhas.
   715 | D:2      | Reached skill level 4 in Maces & Flails
   722 | D:2      | Reached XP level 4. HP: 20/28 MP: 4/4
   913 | D:2      | Found a hazy altar of Hepliaklqana.
   918 | D:2      | Found a basalt altar of Yredelemnul.
   918 | D:2      | Found a radiant altar of Vehumet.
   921 | D:2      | Found a shattered altar of Ashenzari.
   991 | D:2      | Found a hide-covered altar of Uskayaw.
  1183 | D:3      | Noticed Grinder
  1193 | D:3      | Killed Grinder
  1193 | D:3      | Reached skill level 6 in Maces & Flails
  1193 | D:3      | Reached XP level 5. HP: 21/32 MP: 5/5
  1193 | D:3      | Reached XP level 6. HP: 25/37 MP: 6/6
  1511 | D:3      | Noticed Sigmund
  1528 | D:3      | Killed Sigmund
  1528 | D:3      | Reached skill level 7 in Maces & Flails
  1528 | D:3      | Reached XP level 7. HP: 11/41 MP: 7/7
  2616 | D:4      | Noticed p0werm0de's ghost (weakling DgNe)
  2654 | D:4      | Killed p0werm0de's ghost
  3196 | D:5      | Entered Level 5 of the Dungeon
  3285 | D:5      | Reached skill level 8 in Maces & Flails
  3394 | D:5      | Found a staircase to the Ecumenical Temple.
  3403 | Temple   | Entered the Ecumenical Temple
  3422 | Temple   | Became a worshipper of Warmaster Okawaru
  3691 | D:5      | Reached skill level 9 in Maces & Flails
  3691 | D:5      | Reached XP level 8. HP: 46/46 MP: 8/8
  3908 | D:5      | Found Yxiloij's Jewellery Shop.
  4071 | D:6      | Noticed Duvessa
  4071 | D:6      | Noticed Dowan
  4316 | D:6      | Found the amulet of the Air {Inacc +Fly rElec EV+5 RMsl}
  4328 | D:6      | Killed Dowan
  4342 | D:6      | Killed Duvessa
  4342 | D:6      | Reached * piety under Okawaru
  4345 | D:6      | Reached skill level 10 in Maces & Flails
  4485 | D:6      | Noticed Pikel
  4519 | D:6      | Killed Pikel
  4519 | D:6      | Reached ** piety under Okawaru
  4519 | D:6      | Reached skill level 11 in Maces & Flails
  4519 | D:6      | Reached XP level 9. HP: 46/51 MP: 9/9
  4976 | D:7      | Found Muborac's Magic Scroll Boutique.
  5021 | D:7      | Reached skill level 12 in Maces & Flails
  5509 | D:7      | Reached *** piety under Okawaru
  5808 | D:7      | Gained mutation: You are partially covered in icy blue scales. (AC +2) [potion of mutation]
  5808 | D:7      | Gained mutation: Your large and strong wings let you fly indefinitely. [potion of mutation]
  6035 | D:8      | Noticed Psyche
  6038 | D:8      | Paralysed by Psyche for 3 turns
  6056 | D:8      | Killed Psyche
  6056 | D:8      | Reached skill level 13 in Maces & Flails
  6116 | D:8      | Got a flickering wooden ring
  6179 | D:8      | Reached XP level 10. HP: 56/56 MP: 10/10
  6221 | D:8      | Found a white marble altar of Elyvilon.
  6231 | D:8      | Found a deep blue altar of Sif Muna.
  6295 | D:8      | Identified the Tome of the Frigorific Escort
  6914 | D:8      | Found an opulent altar of Gozag.
  6976 | D:8      | Identified the cursed ring of Democracy {+Fly rC+ Dex-3} (You found it on level 8 of the Dungeon)
  7303 | D:9      | Noticed Erica
  7314 | D:9      | Killed Erica
  7314 | D:9      | Reached **** piety under Okawaru
  7314 | D:9      | Reached skill level 14 in Maces & Flails
  8060 | D:10     | Entered Level 10 of the Dungeon
  8098 | D:10     | Paralysed by fainting for 8 turns
  8186 | D:10     | Received a gift from Okawaru
  8186 | D:10     | Reached skill level 15 in Maces & Flails
  8380 | D:10     | Noticed a gargoyle
  8388 | D:10     | Killed a gargoyle
  8617 | D:10     | Noticed a kobold demonologist
  8618 | D:10     | Noticed a kobold demonologist
  8623 | D:10     | Noticed an orange demon
  8636 | D:10     | Killed a kobold demonologist
  8654 | D:10     | Killed a kobold demonologist
  8654 | D:10     | Reached ***** piety under Okawaru
  8654 | D:10     | Reached XP level 11. HP: 55/60 MP: 11/11
  8807 | D:11     | Noticed Grum
  8814 | D:11     | Noticed a death yak
  8850 | D:11     | Found a staircase to the Lair.
  8850 | D:11     | Noticed a death yak
  8850 | D:11     | Noticed a death yak
  8850 | D:11     | Noticed a two-headed ogre
  8857 | D:11     | Mangled by a death yak

Vault maps used:
D:1:      lemuel_arrival_behind_the_door_large
D:2:      old_standard_altar, grunt_temple_overflow_open,
          nicolae_overflow_hidden_temple, kennysheep_generic_room_6
D:3:      lemuel_another_geyser, uniq_grinder, uniq_sigmund
D:5:      minmay_temple_entry_junction, first_bread, serial_shops,
          shop_fountains
D:6:      minmay_crystal_room, mrwooster_statue_mirror, uniq_duvessa, uniq_pikel
D:7:      serial_shops, shop, grunt_ogre_cave, nrook_pool_corridor
D:8:      lemuel_coloured_pillars_altar, minitemple, serial_co_window_serial,
          co_window_paths_a, co_window_corner_a, co_window_paths_b,
          co_window_paths_b, co_window_corner_a, co_window_of_opportunity_b,
          co_window_broadway_a, co_window_cross_4, co_window_cross_4,
          co_window_corner_b, glass_columns_b, glass_columns_c, glass_columns_a,
          glass_columns_b, glass_columns_c, uniq_psyche
D:9:      minmay_nine_imps, uniq_erica
D:11:     dpeg_lair_monsters, basic_altar, lab_entry_generic, kennysheep_nub,
          uniq_grum
Temple:   nicolae_temple_god_jail

Skill      XL: |  1  2  3  4  5  6  7  8  9 10 |
---------------+-------------------------------+-----
Maces & Flails | 3 4 6 7 9 11 13 15 | 15.9
Fighting       | |  3.2
Armour         | |  3.2
Shields        | |  3.2

Action                   |  1- 3 |  4- 6 |  7- 9 | 10-12 || total
-------------------------+-------+-------+-------+-------++-------
Melee: Flail             |   138 |    86 |       |       ||   224
       Whip              |       |    31 |   427 |   418 ||   876
 Abil: Fly               |       |       |     1 |       ||     1
  Use: Potion            |     2 |     2 |     9 |     2 ||    15
       Scroll            |     2 |       |    12 |    10 ||    24
  Eat: Chunk             |       |     2 |    15 |    11 ||    28
       Meat ration       |       |       |       |     1 ||     1
Armor: Scale mail        |    76 |    61 |    64 |       ||   201
       Chain mail        |       |       |    29 |       ||    29
       Plate armour      |       |       |    69 |   192 ||   261
Dodge: Dodged            |    51 |    39 |    71 |    45 ||   206
Block: Shield            |    80 |    65 |   128 |   181 ||   454
       Reflection        |       |       |       |     4 ||     4

Table legend:
 A = Spawn XP
 B = Non-spawn XP
 C = Spawn XP percentage of total XP
 D = Spawn monster count
 E = Non-spawn monster count
 F = Spawn count percentage of total count
 G = Total turns spent on level
                    A         B        C        D         E        F      G
               +---------+---------+-------+---------+---------+-------+---------
         Total |     821 |    9949 |   7.6 |      37 |     196 |  15.9 |  8857
               +---------+---------+-------+---------+---------+-------+---------
           D:1 |       6 |      40 |  13.0 |       2 |      19 |   9.5 |   434
           D:2 |      13 |      42 |  23.6 |       7 |      19 |  26.9 |   754
           D:3 |       8 |     579 |   1.4 |       5 |      18 |  21.7 |  1275
           D:4 |      87 |      58 |  60.0 |       2 |       5 |  28.6 |   733
           D:5 |       0 |     595 |   0.0 |       0 |      16 |   0.0 |  1045
           D:6 |       0 |    1349 |   0.0 |       0 |      16 |   0.0 |   522
           D:7 |     221 |     900 |  19.7 |       8 |      19 |  29.6 |  1037
           D:8 |      42 |    1418 |   2.9 |       4 |      19 |  17.4 |  1144
           D:9 |     168 |    2116 |   7.4 |       4 |      25 |  13.8 |  1051
          D:10 |     276 |    1952 |  12.4 |       5 |      32 |  13.5 |   739
          D:11 |       0 |     900 |   0.0 |       0 |       8 |   0.0 |    58
               +---------+---------+-------+---------+---------+-------+---------
